 Dungeon Crawl Stone Soup version 0.32-a0-411-g744942f (webtiles) character file.

Game seed: 16320319495408402784

179 skewfiend the Gusty (level 5, -3/30 HPs)
             Began as a Tengu Air Elementalist on Feb 20, 2024.
             Slain by a river rat (7 damage)
             ... on level 3 of the Dungeon.
             The game lasted 00:08:37 (2753 turns).

skewfiend the Gusty (Tengu Air Elementalist)        Turns: 2753, Time: 00:08:39

Health: -3/30      AC:  2    Str:  9    XL:     5   Next: 59%
Magic:  7/10       EV: 12    Int: 17    God:
Gold:   58         SH:  0    Dex: 14    Spells: 3/9 levels left

rFire   . . .        r - +1 dagger (flame)
rCold   . . .        (no shield)
rNeg    . . .        a - +0 robe
rPois   .            (helmet restricted)
rElec   .            (no cloak)
rCorr   .            (no gloves)
SInv    .            (boots unavailable)
Will    .....        (no amulet)
Stlth   +            (no ring)
HPRegen 0.25/turn    (no ring)
MPRegen 0.12/turn

%: acrobat
@: very slow
A: beak, talons 3, acrobatic
a: no special abilities


You were on level 3 of the Dungeon.
You visited 1 branch of the dungeon, and saw 3 of its levels.

You collected 58 gold pieces.

Inventory:

Hand Weapons
 e - a +0 whip
 r - a +1 dagger of flaming (weapon)
 v - a +0 long sword
Missiles
 d - 54 stones
 w - 2 boomerangs
Armour
 a - a +0 robe (worn)
 o - a +0 ring mail
 p - a +0 scale mail
 x - a +0 kite shield
Scrolls
 f - a scroll of amnesia
 i - a scroll of identify
 j - a scroll of immolation
 k - a scroll of teleportation
 l - a scroll of enchant armour
 m - a scroll of fear
 n - a scroll of revelation
 q - a scroll of fog
 s - a scroll of summoning
Potions
 b - a potion of magic
 c - a potion of cancellation {unknown}
 g - 3 potions of heal wounds {unknown}
 h - a potion of lignification {unknown}
 u - 2 potions of curing {unknown}


   Skills:
 + Level 1.7 Fighting
 - Level 2.1 Dodging
 - Level 2.0 Stealth
 + Level 2.7 Spellcasting
 * Level 4.1 Conjurations
 * Level 5.7 Air Magic


You had 3 spell levels left.
You knew the following spells:

 Your Spells              Type           Power      Damage    Failure   Level
a - Shock                 Conj/Air       76%        1d7       2%          1
b - Static Discharge      Conj/Air       38%        3-5/arc   3%          2
Z - Swiftness             Air            21%        N/A       4%          3

Your spell library contained the following spells:

 Spells                   Type           Power      Damage    Failure   Level
 Airstrike                Air            10%        2d(2-18)  17%         4
 Summon Lightning Spire   Summ/Air       12%        N/A       50%         4
 Animate Armour           Summ/Erth      4%         N/A       87%         4
 Lee's Rapid Deconstruct  Erth           1%         3d4*      99%         5


Dungeon Overview and Level Annotations

Branches:
Dungeon (3/15)

Altars:

Shops:
D:1 *


Innate Abilities, Weirdness & Mutations

You have a beak for a mouth.
You have claws for feet.
You can magically evade attacks while moving or waiting.


Message History

Unknown command.
Casting: Shock (safe; 2% risk of failure)
Confirm with . or Enter, or press ? or * to list all spells.
The river rat is struck by an arc of lightning.
You kill the river rat!
You are struck by an arc of lightning.
* * * LOW HITPOINT WARNING * * *
The lightning grounds out.
A river rat comes into view.
The river rat squeaks loudly.
You hear a loud squeak.
You hear an angry hiss.
A rat comes into view.
An adder comes into view.
The adder hisses angrily.
The river rat bites you.
* * * LOW HITPOINT WARNING * * *
Casting: Static Discharge (safe; 3% risk of failure)
Confirm with . or Enter, or press ? or * to list all spells.
Okay, then.
Casting: Static Discharge (safe; 3% risk of failure)
Confirm with . or Enter, or press ? or * to list all spells.
Aiming: Shock (safe; 2% risk of failure)
Press: ? - help, Shift-Dir - straight line, f - river rat
Aim: a river rat (68% to hit)
The zap misses the river rat.
The zap hits the adder.
The adder is heavily wounded.
The zap hits the rat.
The rat is heavily wounded.
The river rat misses you.
As you read the scroll labelled PAQYVUA PUIPT, it crumbles to dust.
Wisps of shadow whirl around you...
It was a scroll of summoning.
The river rat completely misses you.
Your rat closely misses the river rat.
Casting: Shock (safe; 2% risk of failure)
Confirm with . or Enter, or press ? or * to list all spells.
Aiming: Shock (safe; 2% risk of failure)
Press: ? - help, Shift-Dir - straight line, f - adder, p - river rat
Aim: an adder (moderately wounded, 53% to hit)
The zap hits the river rat.
The river rat is heavily wounded.
The zap misses the adder.
The river rat bites you!
You die...

***~*~~*∩*
*~~~**~*~*
*~*~##~*~*
*~*~#S~*~*
###******~*~#~**~*
..,,,,,,*~*~#~~~~*
.#*******~#~#~####
.# *~#~~~Srr# >#
#########@# .#
#~~~~~~~r~# .####
#†~#~#~#####
....####.~.~~~~~..#
###....†.....~....#
#####...........#
#...........#
#############


You could see an adder, a river rat (ally target) and 2 friendly rats.

Vanquished Creatures
  4 adders
  3 river rats (D:3)
  3 ribbon worms
  3 dart slugs
  4 ball pythons
  3 endoplasms
  2 giant cockroaches (D:1)
  6 goblins
  7 hobgoblins
  9 kobolds
  2 quokkas
  5 bats
  5 frilled lizards
  7 rats
63 creatures vanquished.

Notes
Turn   | Place    | Note
-------+----------+-------------------------------------------
     0 | D:1      | skewfiend the Tengu Air Elementalist began the quest for
                  | the Orb.
     0 | D:1      | Reached XP level 1. HP: 10/10 MP: 4/4
    12 | D:1      | Found Jivap's Assorted Antiques.
   210 | D:1      | Reached XP level 2. HP: 16/16 MP: 3/6
   308 | D:1      | Learned a level 2 spell: Static Discharge
   613 | D:1      | Reached XP level 3. HP: 20/20 MP: 5/7
   988 | D:1      | Learned a level 3 spell: Swiftness
  1290 | D:1      | Reached skill level 1 in Fighting
  1369 | D:2      | Reached skill level 5 in Air Magic
  1369 | D:2      | Reached XP level 4. HP: 19/25 MP: 1/8
  2585 | D:3      | Reached XP level 5. HP: 29/29 MP: 5/9
  2753 | D:3      | Slain by a river rat

Illustrated notes

Levels and vault maps discovered:
D:1:      pf_arrival_petrified_forest, layout_basic, serial_shops, shop
D:2:      layout_basic, chequers_serial_rivers_room_b, columned_hall_lemuel,
          supply_closet_lemuel, skrybe_limestone_x, lexackson_kobold_supper
D:3:      layout_loops_ring, serial_forest, infiniplex_forest_end_1,
          infiniplex_forest_lined_2, infiniplex_forest_diagonal,
          infiniplex_forest_3_way, infiniplex_forest_lined_2,
          lightli_sewer_entry_pipes

Skill      XL: |  1  2  3  4  5 |
---------------+----------------+-----
Conjurations   | 2 3 4 |  4.1
Fighting       | 1 |  1.7
Air Magic      | 5 |  5.7
Dodging        | |  2.1
Stealth        | |  2.0
Spellcasting   | |  2.7

Action                     |  1- 3 |  4- 6 || total
---------------------------+-------+-------++-------
  Melee: Unarmed           |     1 |       ||     1
         Peck              |     1 |     2 ||     3
         Whip              |     1 |       ||     1
         Dagger            |     1 |    19 ||    20
         Kick              |       |     6 ||     6
  Throw: Stone             |       |     1 ||     1
   Cast: Shock             |    56 |    73 ||   129
         Static Discharge  |     1 |     2 ||     3
    Use: Scroll            |       |     9 ||     9
         Potion            |       |     1 ||     1
   Stab: Sleeping          |     1 |       ||     1
         Distracted        |       |     1 ||     1
 Armour: Robe              |     4 |    15 ||    19
  Dodge: Dodged            |     4 |    29 ||    33

Table legend: (Time is in decaauts)
 A = Elapsed time spent in this place.
 B = Non-inter-level travel time spent in this place.
 C = Inter-level travel time spent in this place.
 D = Time resting spent in this place.
 E = Time spent auto-exploring this place.
 F = Levels seen in this place.
 G = Mean time per level.
                   A        B        C        D        E       F      G
               +--------+--------+--------+--------+--------+-----+--------+
         Total |   2760 |   2630 |    130 |     11 |   2133 |   3 |  920.0 |
       Dungeon |   2760 |   2630 |    130 |     11 |   2133 |   3 |  920.0 |
               +--------+--------+--------+--------+--------+-----+--------+

Top non-repeatable levels by time:
     D:1: 1355 daAuts
     D:2: 1164 daAuts
     D:3: 240 daAuts
